 Dungeon Crawl Stone Soup version 0.27.1-3-gb3d3a73c9e (webtiles) character file.

Game seed: 15272023025220469848

28 BinkBink the Caller (level 3, 0/19 HPs)
             Began as a Deep Elf Summoner on Oct 31, 2021.
             Killed by nerve-wracking pain
             ... invoked by Jessica
              (8 damage)
             ... on level 2 of the Dungeon.
             The game lasted 00:09:47 (1581 turns).

BinkBink the Caller (Deep Elf Summoner)             Turns: 1581, Time: 00:09:48

Health: 0/19       AC:  2    Str: 11    XL:     3   Next: 0%
Magic:  10/10      EV: 12    Int: 20    God:
Gold:   52         SH:  0    Dex: 15    Spells: 8/9 levels left

rFire    . . .     SeeInvis .   g - +2 dagger (drain)
rCold    . . .     Faith    .   (no shield)
rNeg     . . .     Spirit   .   a - +0 robe
rPois    .         Reflect  .   (no helmet)
rElec    .         Harm     .   (no cloak)
rCorr    .         Rampage  .   (no gloves)
Will     .....                  (no boots)
Stlth    ++........             c - amulet of magic regeneration
HPRegen  0.06/turn              d - +6 ring of strength
MPRegen  0.37/turn              (no ring)

@: no status effects
A: no striking features
a: no special abilities


You were on level 2 of the Dungeon.
You visited 1 branch of the dungeon, and saw 2 of its levels.

You collected 52 gold pieces.

Inventory:

Hand Weapons
 g - a +2 dagger of draining (weapon)
Armour
 a - a +0 robe (worn)
Jewellery
 c - an amulet of magic regeneration (around neck)
 d - a +6 ring of strength (left hand)
Scrolls
 b - 3 scrolls of identify {unknown}
 f - 2 scrolls of teleportation {unknown}
Potions
 e - a potion of cancellation {unknown}
 h - a potion of lignification {unknown}


   Skills:
 + Level 2.6 Dodging
 + Level 2.6 Stealth
 + Level 3.7 Spellcasting
 + Level 4.9 Summonings


You had 8 spell levels left.
You knew the following spells:

 Your Spells              Type           Power      Damage    Failure   Level
a - Summon Small Mammal   Summ           92%        N/A       1%          1

Your spell library contained the following spells:

 Spells                   Type           Power      Damage    Failure   Level
 Call Imp                 Summ           23%        N/A       2%          2
 Call Canine Familiar     Summ           23%        N/A       4%          3
 Summon Guardian Golem    Hex/Summ       13%        N/A       14%         3
 Gell's Gravitas          Tloc           1%         N/A       36%         3
 Lesser Beckoning         Tloc           1%         N/A       36%         3
 Teleport Other           Tloc           3%         N/A       36%         3
 Summon Lightning Spire   Summ/Air       13%        N/A       43%         4


Dungeon Overview and Level Annotations

Branches:
Dungeon (2/15)

Altars:

Annotations:
D:2 Jessica, Natasha, Robin


Message History

Jessica seems to speed up.
Casting: Summon Small Mammal (safe; 1% risk of failure)
Confirm with . or Enter, or press ? or * to list all spells.
Your bat barely misses Jessica.
Casting: Summon Small Mammal (safe; 1% risk of failure)
Confirm with . or Enter, or press ? or * to list all spells.
Your bat barely misses Jessica.
You swap places.
Your quokka disappears in a puff of smoke!
Your quokka bites Jessica but does no damage.
Jessica hits your quokka with a +1 spectral club.
Your quokka dies!
Your quokka's corpse disappears in a puff of smoke!
Jessica shouts!
Your bat closely misses Jessica.
Jessica casts a spell at you. Pain shoots through your body!
Jessica casts a spell at you. You resist with some effort.
There is a stone staircase leading down here.
Your bat hits Jessica but does no damage.
Your bat hits Jessica. Jessica misses your bat.
Your rat bites Jessica.
Your bat hits Jessica but does no damage.
Jessica casts a spell.
Jessica blinks!
Your bat completely misses Jessica.
Jessica gestures at your bat while chanting.
Your bat writhes in agony.
Your bat dies!
Your bat's corpse disappears in a puff of smoke!
Jessica shouts!
Jessica points at you and mumbles some strange words.
Pain shoots through your body!
Casting: Summon Small Mammal (safe; 1% risk of failure)
Confirm with . or Enter, or press ? or * to list all spells.
Jessica hits you with a +1 spectral club.
Your bat hits Jessica but does no damage. x2
Jessica points at you and mumbles some strange words.
Pain shoots through your body!
You die...

.........r.........#
...#....#.##.......#
#.......#.##......##
#..#....#.##.#<..##
#.........##.##########
#........###.####.....#
##.....#.###......##..#
##...##...........###.##
#....##b@.@..>....###.###
#....##.#.........#.....#
#######....#..#.........#.....#
#.............#...............#
#.........r..........##########
#...............######
#.........#...###
#.........##...#
#.........##.#.#


You could see Jessica (fast, ally target) and a friendly bat (summoned).

Vanquished Creatures (collateral kills)
  A worm (D:2)
  A dart slug (D:1)
  6 endoplasms
  2 giant cockroaches (D:1)
  2 goblins (D:1)
  3 hobgoblins (D:1)
  3 jackals (D:1)
  2 quokkas (D:1)
  2 ball pythons
  4 bats (D:1)
  A frilled lizard (D:1)
  6 kobolds (D:1)
  5 rats (D:1)
38 creatures vanquished.

Notes
Turn   | Place    | Note
-------+----------+-------------------------------------------
     0 | D:1      | BinkBink the Deep Elf Summoner began the quest for the Orb.
     0 | D:1      | Reached XP level 1. HP: 10/10 MP: 6/6
   320 | D:1      | Reached XP level 2. HP: 15/15 MP: 1/8
   928 | D:1      | Found a faded altar of an unknown god.
  1052 | D:2      | Noticed Natasha
  1068 | D:2      | Noticed a crimson imp
  1078 | D:2      | Noticed a crimson imp
  1437 | D:2      | Noticed Robin
  1535 | D:2      | Reached XP level 3. HP: 19/19 MP: 7/10
  1558 | D:2      | Noticed Jessica
  1581 | D:2      | Killed from afar by Jessica

Illustrated notes

Levels and vault maps discovered:
D:1:      minmay_arrival_semitransparent, layout_basic,
          chequers_ecumenical_altar_grove, st_stairs_8, minmay_misc_feat_five,
          minmay_tetromino_s4
D:2:      layout_rooms, basic_altar, grunt_ministairs_4, uniq_natasha,
          uniq_jessica, uniq_robin

Action                   || total
-------------------------++-------
Melee: Unarmed           ||     1
 Cast: Summon Small Mamm ||   116
Armor: Robe              ||     9
Dodge: Dodged            ||    39
